 Dungeon Crawl Stone Soup version 0.19.5 (webtiles) character file.

116 Lizzreth the Slasher (level 5, -8/39 HPs)
             Began as a Vine Stalker Gladiator on Mar 13, 2017.
             Killed by divine providence
             ... invoked by an orc priest
              (13 damage)
             ... on level 3 of the Dungeon.
             The game lasted 00:13:30 (1633 turns).

Lizzreth the Slasher (Vine Stalker Gladiator)       Turns: 1633, Time: 00:13:32

Health: -8/39      AC: 22    Str: 18    XL:     5   Next: 1%
Magic:  0/6        EV:  2    Int:  8    God:
Gold:   125        SH:  0    Dex: 15    Spells: 0 memorised, 4 levels left

rFire  . . .     SeeInvis .     a - +0 long sword
rCold  . . .     Gourm    .     (armour currently unavailable)
rNeg   + + +     Faith    .     (no shield)
rPois  +         Spirit   +     (helmet currently unavailable)
rElec  .         Reflect  .     (cloak currently unavailable)
rCorr  .         Harm     .     (gloves currently unavailable)
MR     .....     NoTele   +     (boots currently unavailable)
Stlth  +.........               (no amulet)
                                (no ring)
                                (no ring)

@: tree-form (expiring)
A: (fangs 0), regeneration 1, magic shield, (antimagic bite), no device heal 3,
rot immunity
a: no special abilities


You were on level 3 of the Dungeon.
You were hungry.
You were a tree.
You visited 1 branch of the dungeon, and saw 3 of its levels.

You collected 125 gold pieces.

Inventory:

Hand Weapons
 a - a +0 long sword (weapon)
Missiles
 d - 3 throwing nets (quivered)
Armour
 b - a +0 leather armour (melded)
 c - a +0 helmet (melded)
Scrolls
 e - 2 scrolls of identify {unknown}
 g - 2 scrolls of fear {unknown}
 h - a scroll of remove curse {unknown}
 k - a scroll of blinking {unknown}
 n - a scroll of recharging {unknown}
 p - a scroll of amnesia {unknown}
Potions
 j - a potion of heal wounds {unknown}
 l - a potion of invisibility {unknown}
 m - a potion of magic {unknown}
Comestibles
 f - 3 bread rations
 q - a beef jerky


   Skills:
 - Level 1.7 Fighting
 * Level 4.2 Long Blades
 - Level 1.7 Throwing
 * Level 3.4 Dodging


You had 4 spell levels left.
You didn't know any spells.

Dungeon Overview and Level Annotations

Branches:
Dungeon (3/15)

Altars:
Nemelex Xobeh


Innate Abilities, Weirdness & Mutations

((You have extremely sharp teeth.))
Your natural rate of healing is unusually fast.
When hurt, damage is shared between your health and your magic reserves.
((Your bite disrupts and absorbs the magic of your enemies.))
Potions and wands cannot restore your health.
You are immune to rotting.


Message History

* * * LOW HITPOINT WARNING * * *
The orc wizard gestures at you while chanting.
The magic dart hits you!
The hobgoblin hits you but does no damage.
You closely miss the orc priest.
The orc priest is almost dead.
The orc wizard hits you but does no damage.
The orc priest hits you but does no damage.
The hobgoblin hits you but does no damage.
The orc wizard points at you and mumbles some strange words.
The magic dart hits you!
* * * LOW HITPOINT WARNING * * *
You closely miss the orc priest.
The orc priest is almost dead.
Your transformation is almost over.
The orc wizard mumbles some strange words.
The orc wizard blinks!
The orc priest calls down the wrath of Beogh upon you.
Beogh smites you!
You die...

....... <......
......
.......#.oo...
..........o...
..............
##...........!..
#og......?......
#♣#######)%.....
#.§)..<.........
####...o........
#.....###...(.
.......## ##(#
..).....# #
.........#
.....>...#
......(..#


You could see an orc priest, an orc wizard and a hobgoblin.

Vanquished Creatures
  An orc priest (D:3)
  3 adders (D:2)
  4 dart slugs
  A leopard gecko (D:1)
  2 orcs (D:3)
  4 bats (D:1)
  10 goblins
  7 hobgoblins
  2 jackals (D:1)
  7 kobolds
  3 rats (D:2)
44 creatures vanquished.

Notes
Turn   | Place    | Note
-------+----------+-------------------------------------------
     0 | D:1      | Lizzreth the Vine Stalker Gladiator began the quest for the Orb.
     0 | D:1      | Reached XP level 1. HP: 11/11 MP: 2/2
   340 | D:1      | Reached XP level 2. HP: 15/15 MP: 3/3
   504 | D:1      | Reached skill level 3 in Long Blades
   721 | D:1      | Reached XP level 3. HP: 16/18 MP: 4/4
  1148 | D:2      | Gained mutation: Your natural rate of healing is unusually fast. [Vine Stalker growth]
  1148 | D:2      | Reached XP level 4. HP: 23/23 MP: 5/5
  1189 | D:2      | Found a sparkling altar of Nemelex Xobeh.
  1603 | D:3      | Reached skill level 4 in Long Blades
  1607 | D:3      | Reached XP level 5. HP: 5/26 MP: 1/6
  1633 | D:3      | Killed from afar by an orc priest

Skill      XL: |  1  2  3  4 |
---------------+-------------+-----
Long Blades    | 3 4 |  4.2
Dodging        | 3 |  3.4
Fighting       | |  1.7
Throwing       | |  1.7

Action                   |  1- 3 |  4- 6 || total
-------------------------+-------+-------++-------
Melee: Long sword        |    67 |    58 ||   125
       Bite              |    20 |    11 ||    31
  Use: Potion            |       |     1 ||     1
  Eat: Chunk             |     1 |     1 ||     2
Armor: Leather armour    |    26 |     9 ||    35
       Skin              |       |    52 ||    52
Dodge: Dodged            |    65 |    29 ||    94
       Rpst.: Long sword |    12 |     9 ||    21
